 Dungeon Crawl Stone Soup version 0.27.1-33-g824d729ab1 (webtiles) character file.

Game seed: 16363166325606687526

254 sking99 the Covered (level 6, -5/39 HPs)
             Began as a Gargoyle Fighter on Dec 9, 2021.
             Slain by Edmund (7 damage)
             ... on level 4 of the Dungeon.
             The game lasted 00:03:38 (4243 turns).

sking99 the Covered (Gargoyle Fighter)              Turns: 4243, Time: 00:03:39

Health: -5/39      AC: 11    Str: 21    XL:     6   Next: 14%
Magic:  6/6        EV:  7    Int:  9    God:
Gold:   104        SH:  9    Dex:  9    Spells: 5/5 levels left

rFire    + . .     SeeInvis .   a - +0 flail
rCold    . . .     Faith    .   c - +0 kite shield
rNeg     + . .     Spirit   .   b - +0 scale mail
rPois    ∞         Reflect  .   (no helmet)
rElec    +         Harm     .   (no cloak)
rCorr    .         Rampage  .   (no gloves)
Will     .....                  (no boots)
Stlth    ..........             (no amulet)
HPRegen  0.13/turn              h - ring of protection from fire
MPRegen  0.10/turn              (no ring)

@: mighty
A: sickness immunity, AC +4, negative energy resistance 1, electricity
resistance, torment resistance 1, petrification resistance
a: no special abilities


You were on level 4 of the Dungeon.
You visited 1 branch of the dungeon, and saw 4 of its levels.

You collected 104 gold pieces.

Inventory:

Hand Weapons
 a - a +0 flail (weapon)
Armour
 b - a +0 scale mail (worn)
 c - a +0 kite shield (worn)
Jewellery
 h - a ring of protection from fire (left hand)
Scrolls
 e - a scroll of amnesia {unknown}
 f - 4 scrolls of identify {unknown}
 g - 3 scrolls of teleportation {unknown}
 i - 2 scrolls of summoning {unknown}
 j - a scroll of enchant armour {unknown}
 l - 2 scrolls of holy word {unknown}
 n - a scroll of vulnerability {unknown}
Potions
 k - a potion of magic {unknown}
 m - a potion of degeneration {unknown}


   Skills:
 + Level 4.3 Fighting
 * Level 4.1 Maces & Flails
 + Level 4.4 Armour
 + Level 4.4 Shields


You had 5 spell levels left.
You didn't know any spells.
Your spell library contained the following spells:

 Spells                   Type           Power      Damage    Failure   Level
 Petrify                  Tmut/Erth      0%         N/A       100%        4
 Irradiate                Conj/Tmut      0%         3d13      100%        5
 Conjure Ball Lightning   Conj/Air       0%         3x3d6     100%        6
 Discord                  Hex            0%         N/A       100%        8
 Disjunction              Tloc           0%         N/A       100%        8
 Sublimation of Blood     Necr           Unusable   N/A       N/A         2

Dungeon Overview and Level Annotations

Branches:
Dungeon (4/15)
 Temple: D:4-7

Altars:

Shops:
D:1 *

Annotations:
D:4 Edmund


Innate Abilities, Weirdness & Mutations

You are immune to sickness and miasma.
Your stone body is resilient. (AC +4)
You are immune to poison.
You resist negative energy. (rN+)
You are resistant to electric shocks. (rElec)
You are resistant to unholy torment.
You are immune to petrification.


Message History

Your shield and scale mail prevent you from hitting Edmund.
Edmund is lightly wounded.
You block Edmund's attack. x2
You hit Edmund but do no damage.
Edmund is lightly wounded.
You block Edmund's attack.
You hit Edmund but do no damage.
Edmund is lightly wounded.
Edmund hits you with a +4 flail of protection.
Edmund barely misses you.
You closely miss Edmund.
Edmund is lightly wounded.
Edmund hits you with a +4 flail of protection.
You hit Edmund but do no damage.
Edmund is lightly wounded.
Edmund hits you but does no damage.
You hit Edmund but do no damage.
Edmund is lightly wounded.
You block Edmund's attack.
Edmund says, "People think my brother is the best.
I think he's crazy."
Edmund hits you with a +4 flail of protection.
* * * LOW HITPOINT WARNING * * *
You hit Edmund.
Edmund is lightly wounded.
You block Edmund's attack.
Sorry, you're not good enough to have a special ability.
You feel very mighty all of a sudden. You block Edmund's attack.
You hit Edmund.
Edmund is lightly wounded.
Edmund hits you but does no damage. You block Edmund's attack.
You hit Edmund.
Edmund is moderately wounded.
You block Edmund's attack.
You sock Edmund!
Edmund is heavily wounded.
Edmund hits you with a +4 flail of protection!
* * * LOW HITPOINT WARNING * * *
Edmund hits you with a +4 flail of protection!
You die...

............#.#.#
..........†##.#.#
##.........).<#.#.#
..#######.#)..#.#.# #
..# #.##(.#.#<#.#
..#######.##.##.###.#
..'..........>..#...
..#.#############@#
..#.# #.......@.#
..#.# #.#########
###.#####'######
###.##.........#
.##..'.........#
.##.##.........#
..#.##.........#
#.#.##.).......#
#'#.##.........#


You could see Edmund.

Vanquished Creatures
  2 orc priests (D:3)
  2 orc wizards
  5 adders
  An adder skeleton (D:4)
  3 worms
  2 dart slugs
  12 orcs
  4 bats
  8 endoplasms
  3 giant cockroaches
  9 goblins
  5 hobgoblins
  4 quokkas
  3 ball pythons
  3 frilled lizards
  6 kobolds
  A rat (D:1)
73 creatures vanquished.

Notes
Turn   | Place    | Note
-------+----------+-------------------------------------------
     0 | D:1      | sking99 the Gargoyle Fighter began the quest for the Orb.
     0 | D:1      | Reached XP level 1. HP: 14/14 MP: 1/1
   197 | D:1      | Reached XP level 2. HP: 19/19 MP: 2/2
   344 | D:1      | Found Jawikomerph's Assorted Antiques.
   986 | D:1      | Reached XP level 3. HP: 21/23 MP: 3/3
  2149 | D:3      | Reached XP level 4. HP: 24/29 MP: 4/4
  2891 | D:3      | Reached XP level 5. HP: 29/33 MP: 5/5
  3688 | D:3      | Reached XP level 6. HP: 38/38 MP: 6/6
  4224 | D:4      | Noticed Edmund
  4243 | D:4      | Slain by Edmund

Illustrated notes

Levels and vault maps discovered:
D:1:      dpeg_arrival_arbitrary_a, layout_loops_corners, serial_shops, shop,
          minmay_tetromino_l4
D:2:      layout_basic
D:3:      layout_loops_ring
D:4:      layout_basic, kennysheep_mini, uniq_duvessa, uniq_natasha, uniq_edmund

Skill      XL: |  1  2  3  4  5 |
---------------+----------------+-----
Maces & Flails | 3 4 |  4.1
Armour         | 4 |  4.4
Shields        | 4 |  4.4
Fighting       | 4 |  4.3

Action                   |  1- 3 |  4- 6 || total
-------------------------+-------+-------++-------
Melee: Flail             |   103 |   204 ||   307
  Use: Potion            |       |     1 ||     1
Armor: Scale mail        |    53 |   123 ||   176
Dodge: Dodged            |    27 |    60 ||    87
Block: Kite shield       |    45 |   103 ||   148
